 Dungeon Crawl Stone Soup version bcrawl-1.21.3 (webtiles) character file.

Game seed: 11480054321571769875

751 IcyTea the Chiller (level 7, -1/50 HPs)
             Began as a Pale Draconian Ice Elementalist on Apr 8, 2020.
             Slain by Crazy Yiuf
             ... wielding a +3 quarterstaff of chaos
              (13 damage)
             ... on level 4 of the Dungeon.
             The game lasted 00:23:28 (4701 turns).

IcyTea the Chiller (DrIE)                           Turns: 4701, Time: 00:23:28

Health: -1/50      AC:  6    Str: 11    XL:     7   Next: 49%
Magic:  5/14       EV: 12    Int: 17    God:
Gold:   280        SH:  0    Dex: 11    Spells: 5/16 levels left

rFire    . . .     SeeInvis .   t - +0 flail
rCold    . . .     Gourm    .   (no shield)
rNeg     . . .     Faith    .   (armour unavailable)
rPois    +         Spirit   .   (helmet restricted)
rElec    .         Reflect  .   (no cloak)
rCorr    .         Harm     .   (no gloves)
MR       .....                  (no boots)
Stlth    ++++......             (no amulet)
HPRegen  0.16/turn              q - ring of stealth
MPRegen  0.14/turn              h - ring of poison resistance

@: very slightly contaminated, invisible
A: breathe steam, unfitting armour, cold-blooded, AC +6
a: Breathe Steam


You were on level 4 of the Dungeon.
You were hungry.

You visited 1 branch of the dungeon, and saw 5 of its levels.

You collected 280 gold pieces.

Inventory:

Hand Weapons
 t - a +0 flail (weapon)
Jewellery
 h - a ring of poison resistance (right hand)
 q - a ring of stealth (left hand)
Wands
 b - a wand of iceblast (1)
 o - a wand of polymorph (8)
Scrolls
 a - 2 scrolls of identify
 f - 2 scrolls of enchant weapon
 k - a scroll of amnesia
 l - 2 scrolls of enchant armour
Potions
 c - a potion of curing
 g - a potion of mutation {unknown}
 i - a potion of resistance {unknown}
 m - 4 potions of flight
 p - a potion of berserk rage {unknown}
 r - a potion of lignification
 s - a potion of haste {unknown}
Comestibles
 e - 3 rations {!d}
 u - 4 chunks of flesh


   Skills:
 - Level 1.7 Dodging
 - Level 2.0 Stealth
 - Level 5.2 Spellcasting
 - Level 2.0 Conjurations
 - Level 2.3 Summonings
 + Level 6.2 Ice Magic


You had 5 spell levels left.
You knew the following spells:

 Your Spells              Type           Power        Failure   Level  Hunger
a - Freeze                Ice            ####..       1%          1    None
b - Throw Frost           Conj/Ice       ###...       1%          2    #......
c - Summon Ice Beast      Ice/Summ       ###.....     24%         4    ####...
d - Throw Icicle          Conj/Ice       ###.....     26%         4    ####...

Your spell library contained the following spells:

 Spells                   Type           Power        Failure   Level  Hunger
 Ozocubu's Armour         Chrm/Ice       ###.....     12%         3    ###....
 Sandblast                Erth           #.....       14%         1    None
 Passwall                 Tmut/Erth      #.......     22%         2    #......
 Stone Arrow              Conj/Erth      #.....       28%         3    ###....
 Petrify                  Tmut/Erth      #.......     80%         4    ####...
 Lee's Rapid Deconstruct  Erth           #.........   98%         5    ######.


Dungeon Overview and Level Annotations

Branches:
Dungeon (5/12)
 Temple: D:4-7

Altars:
Ashenzari
Cheibriados
Kikubaaqudgha
Ru
Trog
Uskayaw
Vehumet
Wu Jian
Zin

Shops:
D:5 (

Annotations:
D:4 Crazy Yiuf
D:5 Menkaure


Innate Abilities, Weirdness & Mutations

You can breathe blasts of scalding, opaque steam.
Your pale cyan-grey scales are hard. (AC +6)
You cannot fit into any form of body armour.
You are cold-blooded and may be slowed by cold attacks.


Message History

You fade into invisibility!
You feel better.
As you read the scroll labeled APUFARAUFE, it crumbles to dust.
You feel blessed for a moment.
It was a scroll of remove curse.
As you read the scroll labeled QEUTID YSYTOL, it crumbles to dust.
You hear a loud clanging noise!
It was a scroll of noise.
The worm closely misses you. The worm closely misses you.
Crazy Yiuf shouts!
You see here 54 stones.
Casting: Summon Ice Beast (slightly dangerous; 24% risk of failure)
Confirm with . or Enter, or press ? or * to list all spells.
Aiming: Freeze (safe; 1% risk of failure)
Press: ? - help, Shift-Dir - straight line, f - Crazy Yiuf
Aim: Crazy Yiuf, wielding a +3 quarterstaff of chaos and wearing a +2 cloak of poison resistance (severely wounded, hasn't noticed you)
You freeze Crazy Yiuf.
Crazy Yiuf is severely wounded.
Crazy Yiuf says, "Ice!"
Crazy Yiuf hits you with a +3 quarterstaff of chaos!
You die...

.#
#......###..##
#..# #..# .#
##..>.### ##..##
#..# #..# .#
##.....##
##..###..# #...
.## ###.......#
#......## ##..
..###[.......###
##.....# ##.
..........####.#
##..### #.
.........## #.##
#### #.
.........# #w.##
##. .........##
#>.@# #..
#.........#
##.g# ##..
####......# #..#
##.## ###...##
#..# ###.##
#...# #..#
##..## #..##
#..# #..##
##.#### #..#
##†.# ####.#
#..# ##÷.##
##..####..#
#..## #


You could see Crazy Yiuf and a worm.

Vanquished Creatures
  2 ogres (D:3)
  A bullfrog (D:4)
  2 vampire bats (D:3)
  A crimson imp (D:3)
  2 orc priests
  4 worker ants
  4 gnolls (D:2)
  4 adders (D:3)
  2 worms (D:3)
  4 dart slugs
  2 leopard geckos (D:3)
  15 orcs
  2 bats (D:1)
  2 bat skeletons (D:3)
  2 bat zombies (D:3)
  4 giant cockroaches
  5 goblins
  3 hobgoblins
  17 jackals
  2 ball pythons (D:3)
  3 kobolds
  7 rats
90 creatures vanquished.

Vanquished Creatures (collateral kills)
  Blork the orc (D:5)
1 creature vanquished.

Vanquished Creatures (others)
  3 plants (D:4)
3 creatures vanquished.

Grand Total: 94 creatures vanquished

Notes
Turn   | Place    | Note
-------+----------+-------------------------------------------
     0 | D:1      | IcyTea the Draconian Ice Elementalist began the quest for
                  | the Orb.
     0 | D:1      | Reached XP level 1. HP: 14/14 MP: 3/3
   466 | D:1      | Reached XP level 2. HP: 18/20 MP: 0/5
   548 | D:1      | Learned a level 2 spell: Throw Frost
  1109 | D:2      | Reached skill level 4 in Ice Magic
  1126 | D:2      | Found an ornate altar of the Wu Jian Council.
  1189 | D:2      | Reached XP level 3. HP: 25/26 MP: 0/6
  1444 | D:2      | Reached XP level 4. HP: 33/33 MP: 0/7
  1664 | D:3      | Noticed an ogre
  1945 | D:3      | Reached skill level 5 in Ice Magic
  1979 | D:3      | Found a glowing silver altar of Zin.
  1980 | D:3      | Found a shattered altar of Ashenzari.
  1982 | D:3      | Found a bloodstained altar of Trog.
  2059 | D:3      | Reached XP level 5. HP: 36/38 MP: 3/8
  2065 | D:3      | Learned a level 4 spell: Summon Ice Beast
  2082 | D:3      | Found a sacrificial altar of Ru.
  2097 | D:3      | Found a hide-covered altar of Uskayaw.
  2133 | D:3      | Reached skill level 1 in Summonings
  2630 | D:3      | Killed an ogre
  2630 | D:3      | Reached XP level 6. HP: 29/45 MP: 3/10
  3490 | D:3      | Found an ancient bone altar of Kikubaaqudgha.
  3544 | D:3      | Your scales start taking on a pale cyan-grey colour.
  3544 | D:3      | Reached XP level 7. HP: 50/50 MP: 7/14
  3852 | D:4      | Found a radiant altar of Vehumet.
  3966 | D:4      | Reached skill level 5 in Spellcasting
  4124 | D:4      | Learned a level 4 spell: Throw Icicle
  4399 | D:4      | Noticed a troll
  4415 | D:4      | Found a snail-covered altar of Cheibriados.
  4472 | D:5      | Entered Level 5 of the Dungeon
  4483 | D:5      | Noticed Blork the orc
  4499 | D:5      | Killed Blork the orc
  4499 | D:5      | Reached skill level 6 in Ice Magic
  4582 | D:5      | Found Kad Jig's Weapon Shop.
  4661 | D:5      | Found a runed door.
  4661 | D:5      | Noticed Crazy Yiuf
  4661 | D:5      | Noticed Menkaure
  4693 | D:5      | HP: 2/50 [Crazy Yiuf/+3 quarterstaff of chaos (1)]
  4701 | D:4      | Slain by Crazy Yiuf

Skill      XL: |  1  2  3  4  5  6  7 |
---------------+----------------------+-----
Ice Magic      | 4 5 6 |  6.2
Conjurations   | 2 |  2.0
Summonings     | 2 |  2.3
Spellcasting   | 3 4 5 |  5.2
Dodging        | |  1.7
Stealth        | |  2.0

Action                   |  1- 3 |  4- 6 |  7- 9 || total
-------------------------+-------+-------+-------++-------
Melee: Club              |    15 |       |       ||    15
       Tailslap          |     9 |    10 |     1 ||    20
       Spear             |    24 |    95 |       ||   119
       Flail             |       |    19 |     6 ||    25
 Cast: Freeze            |    29 |    60 |    38 ||   127
       Throw Frost       |     2 |    14 |     6 ||    22
       Summon Ice Beast  |       |       |     2 ||     2
  Use: Potion            |       |     1 |     4 ||     5
       Scroll            |       |       |     7 ||     7
 Stab: Sleeping          |     6 |     4 |     2 ||    12
       Distracted        |       |       |     1 ||     1
  Eat: Chunk             |     2 |     8 |     4 ||    14
Armor: Skin              |    11 |    67 |    13 ||    91
Dodge: Dodged            |    35 |   145 |    48 ||   228
